Map: Ulrena

Players

Remedyz - Winner!

  • Race: Protoss Protoss
  • League: Gold
  • Spawn Location: 11:00

zidar

  • Race: Zerg Zerg
  • League: Silver
  • Spawn Location: 7:00

VOD

Have the link to the VOD?

Description

Time

  • Played on: Jan. 24, 2016, 8:45 a.m.
  • Length: 9:08
Show
View Real Time Build Order
Export as new Build Order

Remedyz Protoss - Winner!

Build Orders: Zealot Archon, Dark Templar Rush 

Get SALT Encoding   

  12  0:01  Probe (Chrono Boost)  
  13  0:11  Probe (Chrono Boost)  
  14  0:22  Pylon  
  14  0:24  Probe (Chrono Boost)  
  15  0:44  Gateway  
  15  0:46  Probe (Chrono Boost)  
  15  0:48  Assimilator  
  16  0:56  Probe (Chrono Boost)  
  17  1:04  Pylon  
  17  1:07  Probe (Chrono Boost)  
  18  1:18  Probe (Chrono Boost)  
  19  1:28  Probe (Chrono Boost)  
  19  1:32  Cybernetics Core  
  20  1:39  Probe (Chrono Boost)  
  21  1:49  Probe (Chrono Boost)  
  22  1:58  Nexus  
  22  2:09  Adept (Chrono Boost)  
  22  2:11  Warp Gate  
  24  2:16  Assimilator  
  24  2:24  Probe  
  25  2:31  Twilight Council  
  25  2:37  Probe  
  26  2:48  Gateway  
  26  2:49  Probe  
  27  2:58  Pylon  
  27  3:01  Probe  
  28  3:13  Probe  
  28  3:15  Dark Shrine  
  28  3:18  Stalker (Chrono Boost)  
  31  3:25  Probe  
  31  3:26  Pylon  
  32  3:37  Probe (Chrono Boost)  
  32  3:49  Mothership Core (Chrono Boost)  
  34  4:07  Probe (Chrono Boost)  
  34  4:09  Pylon x2  
  35  4:16  Gateway  
  35  4:28  Dark Templar x2  
  39  4:43  Nexus  
  39  5:00  Probe (Chrono Boost)  
  39  5:19  Nexus  
  39  5:23  Dark Templar x2  
  39  5:24  Probe (Chrono Boost)  
  44  5:29  Pylon  
  44  5:32  Pylon  
  44  5:48  Probe (Chrono Boost), Stalker  
  47  5:58  Probe (Chrono Boost)  
  48  6:05  Stalker  
  48  6:09  Probe (Chrono Boost)  
  48  6:11  Dark Templar  
  53  6:20  Probe (Chrono Boost)  
  54  6:30  Probe (Chrono Boost), Archon  
  54  6:31  Archon, Assimilator  
  55  6:34  Assimilator  
  55  6:37  Probe (Chrono Boost)  
  56  6:40  Charge (Chrono Boost)  
  56  6:43  Probe  
  57  6:47  Sentry  
  57  6:50  Probe  
  57  6:53  Zealot  
  62  6:56  Probe  
  63  7:01  Probe  
  63  7:06  Dark Templar  
  63  7:08  Probe  
  67  7:12  Probe  
  68  7:16  Gateway  
  68  7:18  Archon  
  66  7:39  Stalker  
  66  7:40  Zealot x2  
  66  7:41  Probe  
  73  7:48  Probe  
  73  7:49  Gateway  
  74  7:51  Gateway  
  74  7:53  Probe  
  75  7:59  Probe  
  75  8:00  Pylon  
  75  8:01  Dark Templar x2  
  80  8:10  Dark Templar  
  82  8:16  Dark Templar  
  82  8:36  Archon  
  82  8:45  Nexus  
  82  8:46  Stalker x3  
  88  8:54  Zealot x3  
  94  9:03  Pylon  
Show
View Real Time Build Order
Export as new Build Order

zidar Zerg 

Build Orders: Pool First 

Get SALT Encoding   

  12  0:01  Drone  
  13  0:12  Overlord  
  13  0:17  Drone  
  14  0:30  Drone x2  
  14  0:34  Drone  
  17  0:48  Spawning Pool  
  17  0:49  Drone  
  17  1:08  Drone  
  18  1:25  Hatchery  
  17  1:26  Drone  
  17  1:30  Extractor  
  17  1:31  Drone  
  18  1:35  Queen  
  18  1:38  Drone  
  21  1:44  Overlord  
  21  1:56  Drone  
  22  2:05  Drone  
  23  2:28  Queen  
  25  2:31  Zergling x2  
  25  2:32  Zergling x2  
  25  2:35  Metabolic Boost  
  27  2:39  Zergling x2  
  27  2:40  Zergling x2  
  29  2:53  Zergling x2  
  29  2:54  Zergling x6  
  33  3:27  Hatchery  
  32  3:45  Zergling x8  
  35  4:16  Roach Warren  
  34  4:19  Spore Crawler  
  34  4:23  Spore Crawler  
  32  4:32  Drone x4  
  32  4:33  Overlord x2  
  26  5:19  Lair  
  26  5:33  Roach  
  26  5:34  Roach x12  
  52  6:26  Hatchery  
  51  6:39  Overseer  
  51  6:42  Spore Crawler  
  51  6:43  Pneumatized Carapace  
  51  6:44  Glial Reconstitution  
  50  6:57  Overlord  
  36  7:49  Drone  
  36  7:50  Drone x8  
  45  7:57  Extractor  
  46  8:42  Roach  
  46  8:43  Roach x4  
  56  8:54  Drone  
  56  8:55  Hydralisk Den  
Tags
 
Composition
Zealot Archon
Matchup
PvZ
Opening
Pool First
Spawn Locations
Close Positions
Add a new tag
Caveats
  • Supply blocks, unpowered buildings, or Contaminate may cause inaccurate times.
  • Supply counts are checked every 10 seconds.